 Dungeon Crawl Stone Soup version 0.27.0 (webtiles) character file.

Game seed: 6385434523309319313

202214 frimble the Peltast (level 17, -5/221 HPs)
             Began as a Troll Warper on July 31, 2021.
             Was the Champion of Cheibriados.
             Slain by a deep troll (23 damage)
             ... led by an ironbound preserver
             ... on level 1 of the Vaults.
             The game lasted 01:03:34 (29296 turns).

frimble the Peltast (Troll Warper)                 Turns: 29296, Time: 01:03:34

Health: -5/221     AC: 31    Str: 35 (38) XL:     17   Next: 94%
Magic:  16/32      EV: 14    Int: 27 (35) God:    Cheibriados [******]
Gold:   3358       SH: 26    Dex: 25 (27) Spells: 13/24 levels left

rFire    + . .     SeeInvis .     - Unarmed
rCold    + . .     Faith    .   u - +2 tower shield
rNeg     + . .     Spirit   .   (armour currently unavailable)
rPois    ∞         Reflect  .   w - +1 hat of Kleptomania {MP+9 Dex+3}
rElec    +         Harm     .   h - scarf {rC+ rF+}
rCorr    .         Rampage  .   (gloves unavailable)
Will     +....                  (boots unavailable)
Stlth    +.........             i - amulet of regeneration
HPRegen  2.46/turn              Y - +6 ring of intelligence
MPRegen  0.23/turn              c - +4 ring of protection

@: statue-form, contaminated, glowing, studying Axes, very slow
A: slow and powerful, torment resistance 1, boosted hp, large, unfitting armour,
claws 3, regeneration 1, (shaggy fur 1), (tough skin 1)
}: 1/15 runes: gossamer
a: End Transformation, Renounce Religion, Bend Time, Temporal Distortion,
Slouch, Step From Time


You were on level 1 of the Vaults.
You worshipped Cheibriados.
Cheibriados was exalted by your worship.
You were a living statue of rough stone.
You visited 7 branches of the dungeon, and saw 31 of its levels.
You visited 1 bazaar.
You also visited: Ossuary and Volcano.

You collected 4372 gold pieces.
You spent 1014 gold pieces at shops.

Inventory:

Missiles
 p - 18 boomerangs (quivered)
 s - 13 javelins
 x - 3 throwing nets
 A - 8 large rocks
 D - 10 boomerangs of dispersal
 G - 38 poisoned darts
 H - 6 curare-tipped darts
Armour
 h - a scarf of resistance (worn)
 u - a +2 tower shield (worn)
 w - the +1 hat of Kleptomania (worn) {MP+9 Dex+3}
   (You bought it in a shop in a bazaar)

   Dex:       It affects your dexterity (+3).
   MP:        It affects your magic capacity (+9).
 z - a +0 cloak
 E - a +4 troll leather armour (melded)
Jewellery
 c - a +4 ring of protection (right claw)
 i - an amulet of regeneration (around neck)
 m - a ring of wizardry
 I - a ring of ice
 Y - a +6 ring of intelligence (left claw)
Wands
 k - a wand of polymorph (14)
 q - a wand of digging (10)
 r - a wand of iceblast (28)
 J - a wand of paralysis (29)
 R - a wand of charming (18)
 T - a wand of mindburst (27)
 W - a wand of flame (98)
 Z - a wand of acid (6)
Scrolls
 a - a scroll of summoning
 b - 5 scrolls of blinking
 j - 6 scrolls of teleportation
 y - 5 scrolls of fog
 B - 18 scrolls of identify
 M - 4 scrolls of amnesia
 P - 2 scrolls of immolation
 Q - a scroll of magic mapping
 S - 3 scrolls of enchant armour
 V - 2 scrolls of enchant weapon
Potions
 d - 5 potions of magic
 e - 6 potions of lignification
 f - 7 potions of brilliance
 g - 7 potions of haste
 l - 6 potions of mutation
 n - 9 potions of flight
 o - 11 potions of ambrosia
 t - 9 potions of curing
 v - 2 potions of attraction
 C - 2 potions of invisibility
 K - 5 potions of heal wounds
 L - a potion of berserk rage
 O - a potion of cancellation
 U - 4 potions of resistance
 X - 5 potions of might
Miscellaneous
 F - a condenser vane


   Skills:
 - Level 11.2 Fighting
 - Level 6.0 Throwing
 - Level 5.7 Dodging
 - Level 15.0 Shields
 - Level 11.3 Unarmed Combat
 - Level 4.0 Spellcasting
 - Level 5.0 Translocations
 + Level 8.2 Transmutations
 + Level 9.9 Earth Magic
 - Level 10.0 Invocations
 - Level 3.0 Evocations


You had 13 spell levels left.
You knew the following spells:

 Your Spells              Type           Power      Damage    Failure   Level
a - Blink                 Tloc           N/A        N/A       1%          2
b - Statue Form           Tmut/Erth      35%        N/A       28%         6
c - Passwall              Tmut/Erth      44%        N/A       1%          2
d - Apportation           Tloc           64%        N/A       1%          1

Your spell library contained the following spells:

 Spells                   Type           Power      Damage    Failure   Level
 Beastly Appendage        Tmut           100%       N/A       1%          1
 Sandblast                Erth           100%       2d20      1%          1
 Sting                    Tmut/Pois      100%       1d8       1%          1
 Wereblood                Tmut           50%        N/A       1%          2
 Gell's Gravitas          Tloc           16%        N/A       3%          3
 Lesser Beckoning         Tloc           16%        N/A       3%          3
 Teleport Other           Tloc           32%        N/A       3%          3
 Lee's Rapid Deconstruct  Erth           28%        3d16*     3%          5
 Spider Form              Tmut/Pois      13%        N/A       4%          3
 Animate Skeleton         Necr           10%        N/A       8%          1
 Corona                   Hex            5%         N/A       8%          1
 Foxfire                  Conj/Fire      20%        2x1d5     8%          1
 Summon Small Mammal      Summ           20%        N/A       8%          1
 Blade Hands              Tmut           25%        N/A       8%          5
 Portal Projectile        Hex/Tloc       36%        N/A       9%          3
 Leda's Liquefaction      Hex/Erth       16%        N/A       11%         4
 Poisonous Vapours        Pois/Air       10%        N/A       12%         2
 Static Discharge         Conj/Air       5%         N/A       12%         2
 Ice Form                 Ice/Tmut       27%        N/A       14%         4
 Call Canine Familiar     Summ           5%         N/A       24%         3
 Conjure Flame            Conj/Fire      5%         6-21      24%         3
 Dazzling Flash           Conj/Hex       10%        N/A       24%         3
 Frozen Ramparts          Ice            10%        1d3       24%         3
 Inner Flame              Hex/Fire       5%         N/A       24%         3
 Summon Guardian Golem    Hex/Summ       5%         N/A       24%         3
 Iskenderun's Mystic Bla  Conj/Tloc      18%        2d6       28%         4
 Manifold Assault         Tloc           32%        N/A       28%         5
 Irradiate                Conj/Tmut      13%        3d18      38%         5
 Bolt of Magma            Conj/Fire/Erth 11%        4d7       50%         5
 Dispel Undead            Necr           5%         3d7       61%         4
 Fulminant Prism          Conj/Hex       2%         3d6       61%         4
 Hailstorm                Conj/Ice       5%         3d4       61%         4
 Olgreb's Toxic Radiance  Pois           5%         N/A       61%         4
 Sticky Flame             Conj/Fire      5%         2d3       61%         4
 Summon Ice Beast         Ice/Summ       5%         N/A       61%         4
 Summon Lightning Spire   Summ/Air       5%         N/A       61%         4
 Agony                    Necr           5%         N/A       91%         5
 Excruciating Wounds      Necr           2%         N/A       91%         5
 Fireball                 Conj/Fire      2%         3d4       91%         5
 Lightning Bolt           Conj/Air       2%         1d14      91%         5
 Silence                  Hex/Air        2%         N/A       91%         5
 Dragon Form              Tmut           25%        N/A       92%         7
 Simulacrum               Ice/Necr       2%         N/A       100%        6
 Starburst                Conj/Fire      2%         8x6d3     100%        6
 Storm Form               Tmut/Air       13%        N/A       100%        7
 Ignition                 Fire           2%         3d3       100%        8
 Maxwell's Capacitive Co  Air            2%         ∞         100%        8


Dungeon Overview and Level Annotations

Branches:
Dungeon (14/15)            Temple (1/1) D:4            Lair (6/6) D:11
 Shoals (0/4) Lair:4       Spider (4/4) Lair:2        Slime (0/5) Lair:5
    Orc (2/2) D:9             Elf (3/3) Orc:2        Vaults (1/5) D:13
Ossuary (visited)         Volcano (visited)

Altars:
Ashenzari
Cheibriados
Dithmenos
Elyvilon
Fedhas
Gozag
Hepliaklqana
Kikubaaqudgha
Makhleb
Nemelex Xobeh
Okawaru
Qazlal
Ru
Sif Muna
Trog
Uskayaw
Vehumet
Wu Jian
Xom
Yredelemnul
Zin
The Shining One
Beogh

Shops:
D:3 [   D:13 *   Orc:1 (   Orc:2 ([*(   Elf:3 !==

Annotations:
Lair:1 exclusion: oklob plant
Elf:2 3 runed translucent doors


Innate Abilities, Weirdness & Mutations

You are a living statue of rough stone.
Your actions are slow, but your melee attacks are powerful.
You are resistant to unholy torment.
Your maximum health is greatly increased.
You are immune to poison.
Your equipment is partially melded.
You are too large for most types of armour.
You have claws for hands.
Your natural rate of healing is unusually fast.
((You are covered in fur. (AC +1)))
((You have tough skin. (AC +1)))


Message History

You scratch the ironbound convoker.
The ironbound convoker is lightly wounded.
You block the harpy's attack. x4
The ironbound convoker barely misses you.
The yaktaur hits you but does no damage.
The yaktaur barely misses you. The deep troll bites you!
The deep troll barely misses you. The deep troll claws you.
The harpy claws you. You block the harpy's attack.
The ironbound convoker barely misses you.
The yaktaur hits you but does no damage.
You scratch the ironbound convoker.
The ironbound convoker is lightly wounded.
You block the harpy's attack. x2; The yaktaur barely misses you.
You block the deep troll's attack. The deep troll closely misses you.
You block the deep troll's attack. x2
The deep troll claws you but does no damage. x2
The ironbound convoker hits you but does no damage.
You block the yaktaur's attack. x2; The deep troll barely misses you.
The deep troll claws you but does no damage.
The deep troll closely misses you.
You eviscerate the ironbound convoker!!!
You kill the ironbound convoker!
Cheibriados appreciates the change of pace.
You block the harpy's attack. The harpy claws you but does no damage.
The deep troll completely misses you. You block the deep troll's attack. x2
The harpy claws you but does no damage. You block the harpy's attack.
The yaktaur hits you. The yaktaur barely misses you. The deep troll bites you!!
* * * LOW HITPOINT WARNING * * *
The deep troll misses you. x2; The deep troll closely misses you.
The deep troll claws you but does no damage. x2
The harpy barely misses you. You block the harpy's attack.
The harpy barely misses you. You block the harpy's attack. x2
The harpy barely misses you. The harpy misses you.
The harpy claws you but does no damage. The deep troll bites you!
* * * LOW HITPOINT WARNING * * *
The deep troll closely misses you. You block the deep troll's attack.
The yaktaur closely misses you. The deep troll bites you!!
* * * LOW HITPOINT WARNING * * *
The deep troll claws you!!
You die...

# ###.#.#####.#
#.#.#.#.# .#
#.#.#.### #
#.......#
########'########
.................
.................
........Tc.......
........8T.......
........Hc.......
#.......H........
#................
##...............
#...............
#...............
#..............


You could see 2 deep trolls, 2 yaktaurs and 2 harpies.

Vanquished Creatures
  Asterion (Spider:4)
  The ghost of Gohat the Executioner, a journeyman HOBe of Trog (Spider:1)
  An orc warlord (Orc:2)
  A deep elf sorcerer (Elf:1)
  5 ghost moths
  4 emperor scorpions
  An ironbound preserver (Vaults:1)
  Nessos (Orc:2)
  A deep elf demonologist (Elf:3)
  3 spark wasps
  3 entropy weavers
  A minotaur (Lair:3)
  The ghost of zureal the Blocker, a journeyman GnFi of Zin (Lair:3)
  A yaktaur captain (Vaults:1)
  A fire dragon (Volcano)
  2 boulder beetles
  11 hydras
  Harold (Lair:2)
  A ghost crab (Spider:3)
  2 centaur warriors
  An alligator (shapeshifter) (Elf:2)
  13 dancing weapons
  18 death yaks
  A merfolk avatar (Lair:6)
  2 death knights
  2 two-headed ogres
  Nergalle (Lair:1)
  Sonja (Lair:5)
  4 sun demons (Volcano)
  4 deep elf knights
  A fire crab (Lair:5)
  An iron troll (D:13)
  2 skeletal warriors (D:14)
  A sea snake (Lair:6)
  7 deep elf archers
  A wizard (Elf:1)
  A necromancer (D:13)
  2 ironbound convokers (Vaults:1)
  9 deep elf pyromancers
  Pikel (D:5)
  5 oklob plants
  28 wolf spiders
  19 orb spiders
  13 deep elf zephyrmancers
  3 cyclopes
  3 orc sorcerers
  7 ugly things
  4 manticores
  3 moths of wrath
  15 elephants
  3 black mambas
  An ice statue (D:10)
  2 gargoyles
  2 smoke demons (Volcano)
  3 torpor snails
  2 rime drakes (Lair:6)
  23 cane toads
  A kobold demonologist (D:5)
  2 freezing wraiths
  13 demonic crawlers
  2 ice devils (Lair:6)
  2 tengu conjurers
  12 komodo dragons
  34 jumping spiders
  4 tyrant leeches (Spider:3)
  6 trolls
  6 polar bears
  7 hornets
  Prince Ribbit (D:4)
  14 meliai
  2 queen bees
  A wind drake (Lair:6)
  18 blink frogs
  Grinder (D:5)
  3 slime creatures (D:12)
  A blink frog (shapeshifter) (D:14)
  A snapping turtle (Lair:6)
  A spriggan (shapeshifter) (Elf:2)
  4 water elementals
  4 shadows
  Sigmund (D:4)
  60 redbacks
  An air elemental (Elf:1)
  8 wyverns
  A redback (shapeshifter) (Elf:1)
  26 tarantellas
  3 wraiths
  49 yaks
  17 vampire mosquitoes
  7 basilisks
  8 steam dragons
  A warg (Orc:2)
  An acid dragon (D:10)
  19 water moccasins
  3 two-headed ogre zombies (D:9)
  2 hell hounds (Volcano)
  An ice beast (D:7)
  A black bear (shapeshifter) (D:13)
  2 necrophages
  5 ogres
  31 orc warriors
  A boggart (Elf:1)
  2 black bears
  A phantom (D:9)
  19 wolves
  7 centaurs
  5 kobold brigands
  10 bullfrogs
  A gnoll sergeant (D:7)
  4 scorpions (D:5)
  A wyvern skeleton (D:6)
  A water moccasin skeleton (D:5)
  45 killer bees
  5 wights (D:7)
  An oklob sapling (D:10)
  A troll zombie (D:9)
  3 vampire bats (D:11)
  3 electric eels
  9 howler monkeys
  2 bullfrog zombies
  3 centaur zombies
  22 orc priests
  4 hounds
  A bullfrog skeleton (D:5)
  A human zombie (Ossuary)
  2 jellies
  5 iguanas
  27 orc wizards
  4 ogre zombies (D:9)
  A hound zombie (Ossuary)
  4 mummies (Ossuary)
  4 gnolls (D:7)
  A howler monkey skeleton (D:5)
  9 adders
  A shadow imp (D:7)
  An adder zombie (Ossuary)
  2 worms (D:2)
  88 orcs
  14 ball pythons
  3 bat skeletons (D:11)
  3 bat zombies (D:11)
  5 endoplasms
  A giant cockroach (D:2)
  A gnoll zombie (Ossuary)
  5 goblins
  5 hobgoblins
  13 jackals
  33 kobolds
  5 quokkas
  A bat (D:3)
  3 frilled lizards
  2 goblin skeletons (D:9)
  4 goblin zombies (D:9)
  2 hobgoblin skeletons (D:9)
  6 hobgoblin zombies
  2 jackal zombies (Ossuary)
  3 kobold zombies (Ossuary)
  2 orc skeletons (D:9)
  12 orc zombies (D:9)
  A rat (D:1)
1066 creatures vanquished.

Vanquished Creatures (collateral kills)
  A wind drake (Lair:6)
1 creature vanquished.

Vanquished Creatures (others)
  An orb spider (Spider:2)
  A deep elf pyromancer (Elf:1)
  A demonic crawler (Spider:3)
  A tyrant leech (Spider:3)
  A redback (Spider:1)
  33 fungi
  94 plants
  15 toadstools (Lair:1)
147 creatures vanquished.

Grand Total: 1214 creatures vanquished

Notes
Turn   | Place    | Note
-------+----------+-------------------------------------------
     0 | D:1      | frimble the Troll Warper began the quest for the Orb.
     0 | D:1      | Reached XP level 1. HP: 19/19 MP: 1/1
    38 | D:1      | Reached skill level 1 in Throwing
    92 | D:1      | Reached XP level 2. HP: 24/28 MP: 3/3
   284 | D:1      | Reached XP level 3. HP: 21/35 MP: 4/4
   484 | D:1      | Learned a level 2 spell: Blink
   580 | D:2      | You fall into a shaft and drop 2 floors!
   606 | D:4      | Found a staircase to the Ecumenical Temple.
   633 | Temple   | Entered the Ecumenical Temple
  1525 | D:3      | Found a faded altar of an unknown god.
  1591 | D:3      | Found an ancient bone altar of Kikubaaqudgha.
  1702 | D:3      | Found a shimmering blue altar of Sif Muna.
  1719 | D:3      | Reached XP level 4. HP: 42/42 MP: 5/5
  1974 | D:3      | Found Vyokluog's Armour Shop.
  1987 | D:3      | Bought a +0 kite shield for 58 gold pieces
  2344 | D:4      | Noticed a two-headed ogre
  2424 | D:5      | Entered Level 5 of the Dungeon
  2424 | D:5      | Noticed a black bear
  2478 | D:4      | Noticed a necrophage
  2489 | D:4      | Killed a necrophage
  2490 | D:4      | Reached XP level 5. HP: 41/50 MP: 6/6
  2508 | D:4      | Noticed Sigmund
  2543 | D:4      | Killed Sigmund
  2544 | D:4      | Reached XP level 6. HP: 33/59 MP: 8/8
  2903 | D:5      | Noticed Prince Ribbit
  2927 | D:4      | Killed Prince Ribbit
  2928 | D:4      | Reached XP level 7. HP: 40/67 MP: 9/9
  3103 | D:5      | Noticed a kobold demonologist
  3130 | D:5      | Noticed a neqoxec
  3133 | D:5      | Killed a kobold demonologist
  3134 | D:5      | Reached XP level 8. HP: 74/75 MP: 9/11
  3281 | D:5      | Noticed Pikel
  3325 | D:5      | Killed Pikel
  3397 | D:5      | Reached skill level 5 in Unarmed Combat
  3414 | D:5      | Noticed Grinder
  3420 | D:5      | Paralysed by Grinder for 6 turns
  3433 | D:5      | Killed Grinder
  3434 | D:5      | Reached XP level 9. HP: 64/84 MP: 12/12
  3559 | D:5      | Found a snail-covered altar of Cheibriados.
  3568 | D:5      | Found a white marble altar of Elyvilon.
  4160 | D:6      | Reached skill level 5 in Throwing
  4437 | D:6      | Found a sand-covered staircase.
  4442 | Ossuary  | Entered an ossuary
  4489 | Ossuary  | Reached skill level 5 in Dodging
  4658 | D:6      | Reached skill level 5 in Fighting
  5323 | D:7      | Reached XP level 10. HP: 88/96 MP: 13/13
  5432 | D:7      | Reached skill level 1 in Evocations
  5881 | D:8      | Reached skill level 1 in Shields
  6585 | D:8      | Reached skill level 2 in Shields
  6739 | D:9      | Reached skill level 3 in Shields
  6843 | D:9      | Found a staircase to the Orcish Mines.
  7299 | D:10     | Entered Level 10 of the Dungeon
  7499 | D:10     | Noticed an oklob plant
  7549 | D:10     | Reached skill level 4 in Shields
  7576 | D:10     | Reached XP level 11. HP: 61/109 MP: 14/14
  8399 | D:11     | Reached skill level 5 in Shields
  8411 | D:11     | Noticed an eight-headed hydra
  8422 | D:11     | Killed an eight-headed hydra
  8731 | D:11     | Reached skill level 6 in Shields
  9018 | D:11     | Found a staircase to the Lair.
  9372 | D:11     | Found an ancient bone altar of Kikubaaqudgha.
  9549 | D:12     | Noticed a purple ugly thing
  9564 | D:12     | Killed a purple ugly thing
  9565 | D:12     | Noticed an eight-headed hydra
  9608 | D:12     | Killed an eight-headed hydra
  9609 | D:12     | Reached skill level 7 in Shields
  9713 | D:12     | Noticed a deep elf pyromancer
  9723 | D:12     | Killed a deep elf pyromancer
  9932 | D:12     | Reached XP level 12. HP: 23/120 MP: 15/15
 10229 | D:12     | Noticed a four-headed hydra
 10272 | D:12     | Killed a four-headed hydra
 10273 | D:12     | Reached skill level 10 in Unarmed Combat
 10450 | D:12     | Reached skill level 8 in Shields
 10932 | D:4      | Killed a two-headed ogre
 11140 | D:5      | Became a worshipper of Cheibriados the Contemplative
 11246 | Orc:1    | Entered Level 1 of the Orcish Mines
 11394 | Orc:2    | Entered Level 2 of the Orcish Mines
 11451 | Orc:2    | Found a staircase to the Elven Halls.
 11518 | Orc:2    | Reached skill level 1 in Invocations
 11585 | Orc:2    | Reached * piety under Cheibriados
 11921 | Orc:2    | Noticed Nessos
 11929 | Orc:2    | Killed Nessos
 12050 | Orc:1    | Found Keoppefo's Weapon Boutique.
 12340 | Orc:2    | Reached ** piety under Cheibriados
 12378 | Orc:2    | Found Enynay's Weapon Emporium.
 12667 | Orc:2    | Found Mykoevur's Assorted Antiques.
 12672 | Orc:2    | Bought a fizzy cyan potion for 29 gold pieces
 12753 | Orc:2    | Noticed an orc warlord
 12779 | Orc:2    | Killed an orc warlord
 12793 | Orc:2    | Reached *** piety under Cheibriados
 12910 | Orc:2    | Found Ipuhag Patte's Antique Armour Shop.
 12912 | Orc:2    | Found Bodoelywn's Antique Weapon Boutique.
 13186 | Lair:1   | Entered Level 1 of the Lair of Beasts
 13204 | Lair:1   | Noticed a death yak
 13205 | Lair:1   | Noticed a death yak
 13206 | Lair:1   | Noticed a death yak
 13207 | Lair:1   | Noticed a death yak
 13207 | Lair:1   | Noticed a death yak
 13229 | Lair:1   | Killed a death yak
 13230 | Lair:1   | Reached skill level 5 in Translocations
 13237 | Lair:1   | Killed a death yak
 13238 | Lair:1   | Reached XP level 13. HP: 108/131 MP: 17/17
 13266 | Lair:1   | Reached **** piety under Cheibriados
 13306 | Lair:1   | Noticed Nergalle
 13319 | Lair:1   | Killed Nergalle
 13339 | Lair:1   | Found a dark tunnel.
 13348 | Volcano  | Entered a volcano
 13416 | Volcano  | Reached skill level 5 in Invocations
 13511 | Volcano  | Reached skill level 10 in Fighting
 13534 | Volcano  | Noticed a fire dragon
 13547 | Volcano  | Killed a fire dragon
 13843 | Lair:1   | Found a blossoming altar of Fedhas.
 14612 | Lair:2   | Reached skill level 9 in Shields
 14661 | Lair:2   | Found a hole to the Spider Nest.
 14996 | Lair:2   | Noticed Harold
 15004 | Lair:2   | Killed Harold
 15020 | Lair:2   | Reached ***** piety under Cheibriados
 15069 | Lair:2   | Reached XP level 14. HP: 143/144 MP: 19/19
 15349 | Lair:2   | Identified the +8 rapier of Kyziotur {venom, rN+}
 16236 | Lair:3   | Identified the +1 war axe of Gusurepu {vorpal, Fly}
 16288 | Lair:3   | Noticed zureal's ghost (journeyman GnFi)
 16338 | Lair:3   | Found a runed translucent gate.
 16338 | Lair:3   | Found a runed translucent gate.
 16338 | Lair:3   | Found a runed translucent gate.
 16341 | Lair:3   | Identified the +7 hand crossbow "Ownigutu" {penet, rF++
                  | Int+3}
 16511 | Lair:3   | Reached skill level 10 in Shields
 16681 | Lair:3   | Reached ****** piety under Cheibriados
 16891 | Lair:3   | Killed zureal's ghost
 17203 | Lair:4   | Got the Handbook of Transmutation
 17349 | Lair:4   | Reached skill level 11 in Shields
 17349 | Lair:4   | Reached skill level 10 in Invocations
 17698 | Lair:4   | Found a staircase to the Shoals.
 18050 | Lair:5   | Reached XP level 15. HP: 139/153 MP: 21/21
 18072 | Lair:5   | Noticed Sonja
 18082 | Lair:5   | Killed Sonja
 18365 | Lair:5   | Found a staircase to the Slime Pits.
 18787 | Lair:6   | Entered Level 6 of the Lair of Beasts
 18791 | Lair:6   | Identified a scroll of acquirement
 18791 | Lair:6   | Acquired 875 gold pieces
 18827 | Lair:5   | Reached skill level 12 in Shields
 19104 | Lair:6   | Reached skill level 13 in Shields
 20563 | D:10     | Got the Grimoire of Nature
 20864 | D:13     | Found Esio's General Store.
 20872 | D:13     | Bought 2 scrolls of enchant armour for 240 gold pieces
 21638 | D:13     | Found a gate to the Vaults.
 21878 | D:14     | Reached skill level 14 in Shields
 22498 | Elf:1    | Entered Level 1 of the Elven Halls
 22706 | Elf:1    | Reached XP level 16. HP: 147/162 MP: 22/22
 22748 | Elf:1    | Paralysed by an air elemental for 1 turns
 22981 | Elf:1    | Reached skill level 15 in Shields
 23702 | Elf:2    | Learned a level 6 spell: Statue Form
 23838 | Elf:2    | Paralysed by an orc sorcerer for 6 turns
 23849 | Elf:2    | Reached skill level 1 in Earth Magic
 23877 | Elf:2    | Reached skill level 1 in Transmutations
 24073 | Elf:2    | Found a runed translucent gate.
 24073 | Elf:2    | Found a runed translucent gate.
 24083 | Elf:2    | Found a runed translucent gate.
 24485 | Elf:3    | Entered Level 3 of the Elven Halls
 24513 | Elf:3    | Found a flickering gateway to a bazaar.
 24523 | Bazaar   | Entered a bazaar
 24523 | Bazaar   | Found Xitsux's Magic Scroll Shoppe.
 24523 | Bazaar   | Found Ezir's General Store.
 24525 | Bazaar   | Found Piryas's Jewellery Shoppe.
 24540 | Bazaar   | Found Bulevos's Distillery.
 24544 | Bazaar   | Bought a scroll of magic mapping for 35 gold pieces
 24544 | Bazaar   | Bought the +1 hat of Kleptomania {MP+9 Dex+3} for 412 gold
                  | pieces
 24544 | Bazaar   | Bought a potion of might for 40 gold pieces
 24558 | Bazaar   | Bought a potion of heal wounds for 40 gold pieces
 24558 | Bazaar   | Bought a potion of resistance for 80 gold pieces
 24558 | Bazaar   | Bought a potion of curing for 24 gold pieces
 24558 | Bazaar   | Bought a potion of curing for 24 gold pieces
 24558 | Bazaar   | Bought a potion of might for 32 gold pieces
 24621 | Elf:3    | Found Wicinagre's Distillery.
 24623 | Elf:3    | Found Viomm's Jewellery Emporium.
 24626 | Elf:3    | Found Vuqeqeiz's Jewellery Shoppe.
 24746 | Elf:3    | Noticed a Hell Sentinel
 24816 | Elf:2    | Learned a level 2 spell: Passwall
 25011 | Spider:1 | Entered Level 1 of the Spider Nest
 25424 | Spider:1 | Found a runed translucent door.
 25425 | Spider:1 | Noticed Gohat's ghost (journeyman HOBe)
 25535 | Spider:1 | Reached skill level 5 in Earth Magic
 26095 | Spider:2 | Reached XP level 17. HP: 137/170 MP: 23/23
 26203 | Spider:2 | Reached skill level 5 in Transmutations
 26420 | Spider:1 | Killed Gohat's ghost
 26625 | Spider:3 | Learned a level 1 spell: Apportation
 27586 | Spider:4 | Entered Level 4 of the Spider Nest
 28044 | Spider:4 | Noticed Asterion
 28059 | Spider:4 | Killed Asterion
 28232 | Spider:4 | Got a gossamer rune of Zot
 29222 | Vaults:1 | Entered Level 1 of the Vaults
 29296 | Vaults:1 | Slain by a deep troll

Illustrated notes

Levels and vault maps discovered:
D:1:      psy_arrival_terrarium, layout_rooms, minmay_split_cup_large
D:2:      layout_rooms, minivault_27
D:3:      layout_basic, mainiacjoe_overflow_24_doors, kennysheep_orc_sif_temple,
          serial_shops, shop, basic_ecumenical_altar
D:4:      layout_basic, minmay_temple_entry_butterflies, uniq_sigmund
D:5:      layout_rooms, mainiacjoe_overflow_swirl, serial_co_window_serial,
          co_window_paths_b, co_window_corner_a, co_window_corner_a,
          co_window_cross_1, co_window_of_opportunity_a, co_window_corner_b,
          co_window_unsneaky_path_a, co_window_unsneaky_path_b,
          co_window_unsneaky_path_a, co_window_corner_b, glass_columns_a,
          glass_columns_a, glass_columns_b, glass_columns_a, uniq_pikel,
          uniq_prince_ribbit1, uniq_grinder
D:6:      layout_loops_ring, nicolae_ossuary_entry_false_entrances,
          minmay_chambers_of_fives
D:7:      layout_rooms
D:8:      layout_loops_ring
D:9:      layout_rooms, zombieorc2_lemuel
D:10:     lemuel_ice_statue, layout_basic, introduction_to_nature_1
D:11:     layout_basic, lair_entry_dummy, minmay_variable_closet,
          kennysheep_vampire_church
D:12:     layout_long_grid, minivault_7
D:13:     layout_grid_maze, david_vaults_4, serial_shops, nicolae_stop_n_shop_1,
          serial_bayou_lagoon_a
D:14:     layout_big_octagon, chequers_jeans, corner_web_ring
Temple:   dpeg_five_rooms_temple
Lair:1:   layout_loops_ring, nicolae_volcano_entry_lava_flow, tgw_fedhas,
          grunt_megastairs_4, uniq_nergalle
Lair:2:   wad_woods_structure_01, layout_layer_cave,
          nicolae_spider_entry_tight_spaces, lemuel_old_faithful, uniq_harold
Lair:3:   regret_index_combs_of_tragedy, layout_big_grid,
          maelrawn_ghost_gauntlet_escape, chequers_serial_rivers_micro_b,
          serial_bayou_shore_a
Lair:4:   layout_cave_pods, shoals_dummy_entry, lemuel_fruit_tree
Lair:5:   layout_roguey, dpeg_slime_entry_corner, grunt_megastairs_2, uniq_sonja
Lair:6:   gammafunk_lair_ancient_temple, layout_small_grid,
          portal_ice_cave_demonic_guard, minmay_lair_oklob_chamber
Spider:1: layout_spider_delve, ebering_ghost_inner_flame,
          nicolae_spider_nooks_and_crannies
Spider:2: layout_spider_delve
Spider:3: nicolae_spider_hilbert_zone_6 [nicolae_spider_hilbert_4_sides_1_open,
          nicolae_spider_hilbert_4_sides_1_open,
          nicolae_spider_hilbert_4_sides_1_open,
          nicolae_spider_hilbert_4_sides_1_open,
          nicolae_spider_hilbert_4_sides_1_open,
          nicolae_spider_hilbert_4_sides_1_open,
          nicolae_spider_hilbert_4_sides_1_open], nicolae_spider_swamp_cousins
Spider:4: grunt_spider_rune_island, uniq_asterion
Orc:1:    layout_diamond_mine, serial_shops, nicolae_square_shop, basic_altar
Orc:2:    grunt_orc_community_town_hall, layout_caves,
          grunt_orc_community_big_house_2, grunt_orc_community_big_house_2,
          grunt_orc_community_house_2, grunt_orc_community_house_3,
          grunt_orc_community_house_3, grunt_orc_community_house_1, basic_altar,
          uniq_nessos
Elf:1:    layout_geoelf_grid, hangedman_elf_disciples, hangedman_elven_pyramids
Elf:2:    elven_hall_of_blades_hangedman_original
          [nicolae_blade_entry_pointy_end], layout_gridlike,
          corexii_leaking_fountain
Elf:3:    grunt_elf_hall_asides, layout_loops_cross, serial_shops,
          bzr_entry_dummy, minmay_shop_star
Vaults:1: nicolae_vaults_alarming, ontoclasm_vaults_ring_small,
          vaults_mumra_chevron_long, ontoclasm_vaults_pinch,
          nicolae_vaults_network_periphery, nicolae_vaults_disjoint_gnomons,
          hangedman_vaults_slice, ontoclasm_vaults_gateway,
          nicolae_vaults_yaktaur_gun_rack, layout_vaults_big_room, serial_shops,
          nicolae_shop_waterfront, uniq_donald

Skill      XL: |  1  2  3  4  5  6  7  8  9 10 11 12 13 14 15 16 17 |
---------------+----------------------------------------------------+-----
Throwing       | 1 2 3 4 6 |  6.0
Dodging        | 2 3 4 5 |  5.7
Fighting       | 2 3 4 5 7 8 9 10 11 | 11.2
Unarmed Combat | 3 4 5 6 8 9 10 11 | 11.3
Spellcasting   | 2 3 4 |  4.0
Translocations | 3 4 5 |  5.0
Evocations     | 2 3 |  3.0
Shields        | 4 7 8 9 11 14 15 | 15.0
Invocations    | 3 7 10 | 10.0
Earth Magic    | 6 9 |  9.9
Transmutations | 4 8 |  8.2

Action                   |  1- 3 |  4- 6 |  7- 9 | 10-12 | 13-15 | 16-18 || total
-------------------------+-------+-------+-------+-------+-------+-------++-------
Melee: Unarmed           |   150 |    94 |   376 |  1059 |  1222 |   797 ||  3698
       Punch             |       |     1 |     9 |    23 |       |       ||    33
Throw: Boomerang         |       |     9 |    14 |   113 |   162 |   133 ||   431
       Dart              |       |       |     1 |     8 |     9 |       ||    18
       Javelin           |       |       |       |    11 |     2 |       ||    13
       Large rock        |       |       |       |       |     4 |    12 ||    16
 Cast: Blink             |       |     1 |     1 |    14 |    42 |       ||    58
       Passwall          |       |       |       |       |       |     1 ||     1
       Statue Form       |       |       |       |       |       |    11 ||    11
Invok: Slouch            |       |       |       |       |     7 |    12 ||    19
Evoke: Wand              |       |     1 |     1 |    18 |    13 |    10 ||    43
       Condenser vane    |       |       |       |       |     2 |     3 ||     5
  Use: Scroll            |       |     4 |     8 |     9 |    10 |     3 ||    34
       Potion            |       |       |     2 |     2 |     3 |     4 ||    11
 Stab: Paralysed         |       |       |       |     5 |       |       ||     5
       Invisible         |       |       |       |     1 |       |       ||     1
       Sleeping          |       |       |       |       |     2 |     4 ||     6
       Confused          |       |       |       |       |       |     1 ||     1
Armor: Robe              |    50 |    26 |    75 |    30 |       |       ||   181
       Skin              |       |       |     1 |       |       |   228 ||   229
       Troll leather arm |       |       |       |   361 |   235 |   187 ||   783
Dodge: Dodged            |    58 |    35 |   152 |   509 |   465 |   364 ||  1583
Block: Kite shield       |       |       |       |   262 |   699 |       ||   961
       Tower shield      |       |       |       |       |   194 |  1269 ||  1463
